 Dungeon Crawl Stone Soup version 0.30-a0-250-g41c1d76940 (webtiles) character file.

Game seed: 6446470033745911540

346 byup the Chopper (level 6, -24/52 HPs)
             Began as a Hill Orc Reaver on Oct 12, 2022.
             Killed by an exploding Menkaure (31 damage)
             ... ignited by their inner flame
             ... on level 4 of the Dungeon.
             The game lasted 00:47:10 (2626 turns).

byup the Chopper (Hill Orc Reaver)                  Turns: 2626, Time: 00:47:15

Health: -24/52     AC: 11    Str: 15    XL:     6   Next: 59%
Magic:  17/17      EV: 10    Int: 13    God:
Gold:   111        SH:  0    Dex: 20    Spells: 7/8 levels left

rFire   . . .      SeeInvis .    a - +0 hand axe (vamp)
rCold   . . .      Faith    .    (no shield)
rNeg    + . .      Spirit   .    i - +5 scale mail of Resonance {rN+ Dex+3}
rPois   .          Reflect  .    (no helmet)
rElec   .          Harm     .    (no cloak)
rCorr   .          Rampage  .    (no gloves)
Will    .....                    (no boots)
Stlth   ..........               o - amulet of magic regeneration
HPRegen 0.28/turn                l - +6 ring of dexterity
MPRegen 0.55/turn                n - ring of magical power

@: no status effects
A: no striking features
a: no special abilities


You were on level 4 of the Dungeon.
You visited 1 branch of the dungeon, and saw 4 of its levels.

You collected 111 gold pieces.

Inventory:

Hand Weapons
 a - a +0 vampiric hand axe (weapon)
 d - a +0 short sword
 e - a +0 club
 g - a +0 club
Armour
 b - a +0 leather armour
 c - a +0 robe
 i - the +5 scale mail of Resonance (worn) {rN+ Dex+3}
   (You found it on level 2 of the Dungeon)

   Dex:       It affects your dexterity (+3).
   rN:        It protects you from negative energy.
 j - a +0 leather armour
Jewellery
 l - a +6 ring of dexterity (left hand)
 n - a ring of magical power (right hand)
 o - an amulet of magic regeneration (around neck)
Scrolls
 k - a scroll of enchant armour {unknown}
 q - a scroll of noise {unknown}
 r - a scroll of fog {unknown}
Potions
 h - a potion of degeneration {unknown}
 s - a potion of brilliance {unknown}
 t - a potion of lignification {unknown}


   Skills:
 + Level 4.1 Fighting
 + Level 6.5 Axes
 + Level 0.5 Throwing
 + Level 3.0 Armour
 + Level 2.0 Dodging
 + Level 1.8 Spellcasting
 + Level 3.3 Conjurations
 + Level 0.7 Necromancy


You had 7 spell levels left.
You knew the following spells:

 Your Spells              Type           Power      Damage    Failure   Level
a - Kiss of Death         Conj/Necr      24%        2d7       38%         1

Your spell library contained the following spells:

 Spells                   Type           Power      Damage    Failure   Level
 Shock                    Conj/Air       20%        1d4       45%         1
 Momentum Strike          Conj/Tloc      10%        3d8       58%         2
 Beastly Appendage        Tmut           2%         N/A       69%         1
 Wereblood                Tmut           1%         N/A       83%         2
 Hailstorm                Conj/Ice       5%         3d4       83%         3
 Mephitic Cloud           Conj/Pois/Air  4%         N/A       88%         3
 Spider Form              Tmut/Pois      1%         N/A       96%         3
 Eringya's Noxious Bog    Tmut/Pois      0%         N/A       100%        6
 Maxwell's Capacitive Co  Air            0%         ∞         100%        8


Dungeon Overview and Level Annotations

Branches:
Dungeon (4/15)
 Temple: D:4-7

Altars:


Message History

Grinder hits you.
You barely miss Grinder.
Grinder is heavily wounded.
Grinder is engulfed in blazing flames.
Flame seeps out of Grinder.
Grinder gestures at you. You resist with significant effort.
You hit Grinder but do no damage.
Grinder is almost dead.
Grinder is engulfed in blazing flames.
Grinder explodes!
The fiery explosion engulfs you!
* * * LOW HITPOINT WARNING * * *
Your life force feels restored.
Your Fighting skill increases to level 4!
Your Axes skill increases to level 6!
Your Armour skill increases to level 3!
Your Dodging skill increases to level 2!
You have reached level 6!
You see here a +0 robe.
It was a potion of curing.
You feel better.
You feel better.
Menkaure, Prince of Dust comes into view.
Menkaure shouts!
Menkaure gestures at you while chanting.
You barely resist.
Menkaure shouts, "The sands of time shall wipe you from history!"
Menkaure hits you!
* * * LOW HITPOINT WARNING * * *
Read: scroll of immolation
Press: ? - help, Q - select action, (/) - cycle Dir - look around, f - activate
As you read the scroll of immolation, it crumbles to dust.
The creatures around you are filled with an inner flame!
Menkaure hits you.
* * * LOW HITPOINT WARNING * * *
You slash Menkaure!
Flame seeps out of Menkaure.
Menkaure is moderately damaged.
Menkaure is engulfed in blazing flames.
Menkaure explodes!
The fiery explosion engulfs you!!
Ouch! That really hurt!
You die...

#.#...
#.#.###
#.#.#
#.# #.#
#.# #.#
#.# #@#
#○# §.§
.....
#......
#.....##
#.....#
#######


There were no monsters in sight!

Vanquished Creatures
  Grinder (D:4)
  Menkaure (D:4)
  Natasha (D:2)
  2 orc wizards (D:3)
  An adder (D:2)
  A river rat (D:3)
  3 worms
  6 orcs (D:3)
  6 ball pythons
  2 endoplasms
  5 giant cockroaches
  3 hobgoblins (D:2)
  4 jackals (D:2)
  3 kobolds
  2 quokkas
  4 bats
  A frilled lizard (D:2)
  3 goblins
  5 rats
54 creatures vanquished.

Notes
Turn   | Place    | Note
-------+----------+-------------------------------------------
     0 | D:1      | byup the Hill Orc Reaver began the quest for the Orb.
     0 | D:1      | Reached XP level 1. HP: 18/18 MP: 3/3
   488 | D:1      | Reached XP level 2. HP: 21/22 MP: 2/4
   879 | D:2      | Identified the +5 scale mail of Resonance {rN+ Dex+3}
  1019 | D:2      | Noticed Natasha
  1024 | D:2      | Reached XP level 3. HP: 30/30 MP: 5/5
  1035 | D:2      | Killed Natasha
  1036 | D:2      | Reached skill level 5 in Axes
  1036 | D:2      | Reached XP level 4. HP: 27/36 MP: 1/6
  1794 | D:3      | Reached skill level 1 in Armour
  1801 | D:3      | Got the Tractate on Fog and Vitiation
  2146 | D:3      | Found a glowing drain.
  2169 | D:3      | Reached XP level 5. HP: 43/45 MP: 7/7
  2562 | D:4      | Noticed Grinder
  2600 | D:4      | Killed Grinder
  2601 | D:4      | Reached skill level 6 in Axes
  2601 | D:4      | Reached XP level 6. HP: 6/52 MP: 8/8
  2620 | D:4      | Noticed Menkaure
  2626 | D:4      | Killed Menkaure
  2626 | D:4      | Killed by an exploding Menkaure... ignited by their inner
                  | flame

Illustrated notes

Levels and vault maps discovered:
D:1:      lightli_arrival_maybe_door_vault, layout_basic,
          serial_co_window_serial, co_window_corner_a, co_window_paths_a,
          co_window_corner_a, co_window_corner_a, co_window_corner_a,
          co_window_corner_b, co_window_corner_cb, co_window_unsneaky_path_c,
          co_window_corner_ca, co_window_corner_b, co_window_corner_b,
          co_window_paths_e, co_window_4corner_b, minmay_tetromino_o2
D:2:      layout_loops_cross, minivault_4, minmay_bisected, uniq_natasha
D:3:      layout_basic, portal_sewer_entry_a
D:4:      layout_loops_ring, uniq_menkaure, uniq_grinder

Skill      XL: |  1  2  3  4  5 |
---------------+----------------+-----
Fighting       | 3 4 |  4.1
Axes           | 5 6 |  6.5
Armour         | 1 3 |  3.0
Dodging        | 2 |  2.0
Throwing       | |  0.5
Spellcasting   | |  1.8
Conjurations   | |  3.3
Necromancy     | |  0.7

Action                   |  1- 3 |  4- 6 || total
-------------------------+-------+-------++-------
Melee: Hand axe          |    57 |   103 ||   160
       Punch             |       |     3 ||     3
Throw: Stone             |     6 |    20 ||    26
 Cast: Kiss of Death     |     2 |     2 ||     4
  Use: Scroll            |       |     4 ||     4
       Potion            |       |     2 ||     2
Armor: Leather armour    |     9 |       ||     9
       Scale mail        |    21 |    65 ||    86
Dodge: Dodged            |    32 |    61 ||    93

Table legend: (Time is in decaauts)
 A = Elapsed time spent in this place.
 B = Non-inter-level travel time spent in this place.
 C = Inter-level travel time spent in this place.
 D = Time resting spent in this place.
 E = Time spent auto-exploring this place.
 F = Levels seen in this place.
 G = Mean time per level.
                   A        B        C        D        E       F      G
               +--------+--------+--------+--------+--------+-----+--------+
         Total |   2636 |   1723 |    913 |      0 |    482 |   4 |  659.0 |
       Dungeon |   2636 |   1723 |    913 |      0 |    482 |   4 |  659.0 |
               +--------+--------+--------+--------+--------+-----+--------+

Top non-repeatable levels by time:
     D:3: 937 daAuts
     D:1: 839 daAuts
     D:2: 762 daAuts
     D:4: 97 daAuts
